 Dungeon Crawl Stone Soup version 0.30.1-11-g7821555f0a (webtiles) character file.

Game seed: 14766487409173296822

3061 SacredBeard the Reanimator (level 9, -3/65 (66) HPs)
             Began as a Demonspawn Necromancer on Nov 15, 2023.
             Slain by Joseph
             ... wielding a +0 quarterstaff
              (12 damage)
             ... on level 8 of the Dungeon.
             The game lasted 00:18:55 (7174 turns).

SacredBeard the Reanimator (Demonspawn Necromancer) Turns: 7174, Time: 00:18:56

HP:   -3/65 (66)    AC: 10    Str: 12    XL:     9   Next: 57%
MP:   0/18          EV: 11    Int: 18    God:
Gold: 269           SH:  0    Dex: 13    Spells: 20/21 levels left

rFire   + . .        r - +8 trident of the Octopus King {venom, rElec rPois}
rCold   . . .        (no shield)
rNeg    . . .        j - +1 ring mail {rF+}
rPois   +            s - +0 helmet
rElec   +            (no cloak)
rCorr   +            (gloves unavailable)
SInv    .            z - +0 pair of boots
Will    .....        t - amulet of guardian spirit
Stlth   ++           C - ring of resist corrosion
HPRegen 0.30/turn    (no ring)
MPRegen 0.16/turn

%: guardian spirit
@: lightly drained
A: claws 3, sharp scales 1, demonic magic 1
a: no special abilities


You were on level 8 of the Dungeon.
You visited 1 branch of the dungeon, and saw 9 of its levels.

You collected 269 gold pieces.

Inventory:

Hand Weapons
 r - the +8 trident of the Octopus King (weapon) {venom, rElec rPois}
   (You found it on level 2 of the Dungeon)

   rElec:     It insulates you from electricity.
   rPois:     It protects you from poison.
Missiles
 m - 27 stones
 q - 2 boomerangs
 B - a throwing net
Armour
 j - a +1 ring mail of fire resistance (worn)
 s - a +0 helmet (worn)
 z - a +0 pair of boots (worn)
Jewellery
 t - an amulet of guardian spirit (around neck)
 C - a ring of resist corrosion (left claw)
 D - a ring of fire
Wands
 a - a wand of roots (8)
 y - a wand of flame (37)
Scrolls
 e - 3 scrolls of noise {unknown}
 f - 4 scrolls of enchant weapon {unknown}
 h - 5 scrolls of amnesia {unknown}
 i - 2 scrolls of magic mapping {unknown}
 k - 6 scrolls of identify {unknown}
 v - 2 scrolls of teleportation {unknown}
 A - 2 scrolls of fear {unknown}
Potions
 b - a potion of magic
 c - 2 potions of heal wounds {unknown}
 d - 2 potions of flight {unknown}
 g - a potion of degeneration {unknown}
 l - 2 potions of invisibility {unknown}
 n - 4 potions of curing {unknown}
 o - a potion of mutation {unknown}
 p - 2 potions of brilliance {unknown}
 u - 2 potions of attraction {unknown}
 w - 3 potions of might {unknown}
 x - a potion of berserk rage {unknown}


   Skills:
 + Level 4.4 Fighting
 + Level 3.5 Armour
 + Level 3.5 Dodging
 - Level 3.0 Stealth
 + Level 3.5 Unarmed Combat
 * Level 6.6 Spellcasting
 * Level 8.7 Necromancy
 + Level 3.0 Evocations


You had 20 spell levels left.
You knew the following spells:

 Your Spells              Type           Power      Damage    Failure   Level
a - Necrotise             Necr           100%       1d9       1%          1

Your spell library contained the following spells:

 Spells                   Type           Power      Damage    Failure   Level
 Sublimation of Blood     Necr           37%        N/A       1%          2
 Vampiric Draining        Necr           37%        2d8       1%          3
 Animate Dead             Necr           37%        N/A       6%          4
 Agony                    Necr           37%        N/A       19%         5
 Apportation              Tloc           10%        N/A       24%         1
 Summon Small Mammal      Summ           20%        N/A       24%         1
 Wereblood                Tmut           5%         N/A       36%         2
 Summon Hydra             Summ           2%         N/A       100%        7


Dungeon Overview and Level Annotations

Branches:
Dungeon (9/15) Zot: 26705  Temple (0/1) D:6
   Lair: D:8-11         Orc: D:9-12

Altars:
Ashenzari
Fedhas
Hepliaklqana
Kikubaaqudgha
Okawaru
Sif Muna
Vehumet
Wu Jian
Xom

Shops:
D:1 *

Annotations:
D:8 Joseph


Innate Abilities, Weirdness & Mutations

You have claws for hands.
You are partially covered in razor-sharp scales. (AC +1, Slay +1)
Spells you cast may paralyse adjacent enemies.


Message History

Joseph suddenly stops moving!
Joseph writhes in agony!
Malevolent energies surge around you.
Joseph is no longer paralysed.
Joseph hits you with a +0 quarterstaff.
Joseph writhes in agony!
Malevolent energies surge around you.
Joseph suddenly stops moving!
An orc comes into view. It is wielding a +0 dagger.
Joseph struggles to resist.
Malevolent energies surge around you.
The orc suddenly stops moving!
Joseph struggles to resist.
Malevolent energies surge around you.
Joseph is no longer paralysed.
Joseph barely misses you.
The orc barely resists.
Malevolent energies surge around you.
The orc is no longer paralysed.
Joseph hits you with a +0 quarterstaff! The orc closely misses you.
Joseph writhes in agony!
Malevolent energies surge around you. Joseph hits you with a +0 quarterstaff!
You are too injured to fight recklessly!
You hit Joseph.
Joseph is poisoned.
Joseph is heavily wounded.
The orc hits you with a +1 heavy hand axe.
The orc hits you but does no damage.
Joseph says, "I've waited for this moment for such a long time."
Joseph hits you with a +0 quarterstaff!
You puncture Joseph!
Joseph is almost dead.
The orc hits you with a +0 dagger. Joseph barely misses you.
The orc hits you with a +1 heavy hand axe!
* * * LOW HITPOINT WARNING * * *
The orc hits you but does no damage.
You closely miss Joseph.
Joseph is almost dead.
Joseph says, "I'm here to kill trespassers.
I like my job."
Joseph hits you with a +0 quarterstaff.
* * * LOW HITPOINT WARNING * * *
The orc hits you with a +1 heavy hand axe!
* * * LOW HITPOINT WARNING * * *
The orc misses you. Joseph misses you.
You closely miss Joseph.
Joseph is almost dead.
The orc hits you but does no damage. Joseph hits you with a +0 quarterstaff!
You die...

.# ...... ...### ...@.
..#.#..##....
..#.....#... .
#......... .. #.......
.. ...
###.....@#####.## ....
#.##.....@o.)...#
....##.#.......o....##
...................##
.............##....#
#.........##.....#
#.........########
##.#....#.# ##.#####
#.#


You could see Joseph (very poisoned) and 2 orcs.

Vanquished Creatures
  Pikel (D:5)
  Grinder (D:5)
  Sigmund (D:4)
  Menkaure (D:5)
  A water moccasin (D:8)
  An orc warrior (D:8)
  An ice beast (D:6)
  2 ogres (D:5)
  2 black bears
  A phantom (D:5)
  Blork the orc (D:4)
  2 bullfrogs
  2 scorpions
  7 hounds
  Crazy Yiuf (D:3)
  An orc priest (D:6)
  A sleepcap (D:6)
  A gnoll bouda (D:5)
  4 iguanas
  8 orc wizards
  Robin (D:4)
  5 adders
  7 gnolls
  A white imp (D:6)
  An ufetubus (D:5)
  3 worms (D:2)
  A dart slug (D:3)
  14 orcs
  A bat zombie (D:6)
  7 endoplasms
  5 giant cockroaches
  16 goblins
  4 hobgoblins
  5 jackals
  7 kobolds
  A quokka (D:3)
  5 ball pythons
  2 bats (D:2)
  9 frilled lizards
  5 rats
  4 rat zombies (D:6)
144 creatures vanquished.

Vanquished Creatures (collateral kills)
  A phantom (D:6)
  3 wights (D:8)
  A gnoll (D:3)
  2 orcs
  A goblin (D:4)
  A jackal (D:2)
  4 frilled lizards (D:2)
13 creatures vanquished.

Grand Total: 157 creatures vanquished

Notes
Turn   | Place    | Note
-------+----------+-------------------------------------------
     0 | D:1      | SacredBeard the Demonspawn Necromancer began the quest for
                  | the Orb.
     0 | D:1      | Reached XP level 1. HP: 13/13 MP: 3/3
   233 | D:1      | Gained mutation: You have sharp fingernails. [demonic
                  | ancestry]
   233 | D:1      | Reached XP level 2. HP: 19/19 MP: 1/5
   510 | D:1      | Found Qajurphao's Assorted Antiques.
  1286 | D:2      | Gained mutation: You are partially covered in razor-sharp
                  | scales. (AC +1, Slay +1) [demonic ancestry]
  1286 | D:2      | Reached XP level 3. HP: 11/25 MP: 3/6
  1849 | D:2      | Gained mutation: Spells you cast may paralyse adjacent
                  | enemies. [demonic ancestry]
  1849 | D:2      | Reached XP level 4. HP: 29/31 MP: 4/8
  1916 | D:2      | Found the +8 trident of the Octopus King {venom, rElec
                  | rPois}
  1927 | D:2      | Reached skill level 1 in Fighting
  1927 | D:2      | Reached skill level 1 in Armour
  1927 | D:2      | Reached skill level 5 in Necromancy
  2191 | D:2      | Found a faded altar of an unknown god.
  2542 | D:3      | Found an ornate altar of the Wu Jian Council.
  2630 | D:3      | Noticed a black bear
  2635 | D:3      | Killed a black bear
  2636 | D:3      | Gained mutation: You have very sharp fingernails. [demonic
                  | ancestry]
  2636 | D:3      | Reached XP level 5. HP: 37/37 MP: 3/9
  2694 | D:3      | Found a runed translucent door.
  2695 | D:3      | Noticed Crazy Yiuf
  3119 | D:3      | Reached skill level 1 in Unarmed Combat
  3228 | D:3      | Found a blossoming altar of Fedhas.
  3458 | D:3      | Killed Crazy Yiuf
  3459 | D:3      | Gained mutation: You have claws for hands. [demonic
                  | ancestry]
  3459 | D:3      | Reached XP level 6. HP: 24/44 MP: 11/11
  3630 | D:4      | Noticed Sigmund
  3718 | D:4      | Noticed Blork the orc
  3731 | D:4      | Killed Blork the orc
  3818 | D:4      | Noticed Robin
  3830 | D:4      | Killed Robin
  3980 | D:4      | Identified the +1 mace of Fragile Peace {freeze, rF+ rN+
                  | Stlth+}
  4133 | D:4      | Killed Sigmund
  4134 | D:4      | Reached skill level 6 in Necromancy
  4134 | D:4      | Reached XP level 7. HP: 42/51 MP: 3/13
  4860 | D:5      | Entered Level 5 of the Dungeon
  5079 | D:5      | Reached skill level 7 in Necromancy
  5218 | D:5      | Reached skill level 5 in Spellcasting
  5238 | D:5      | Reached XP level 8. HP: 58/58 MP: 1/15
  5461 | D:5      | Found a shimmering altar of Xom.
  5538 | D:5      | Noticed Pikel
  5552 | D:5      | Killed Pikel
  5553 | D:5      | Reached skill level 1 in Evocations
  5679 | D:5      | Found a broken altar of Ashenzari.
  5679 | D:5      | Found a hazy altar of Hepliaklqana.
  5768 | D:5      | Noticed Grinder
  5772 | D:5      | Killed Grinder
  5895 | D:5      | Found a shimmering blue altar of Sif Muna.
  6047 | D:5      | Noticed Menkaure
  6056 | D:5      | Killed Menkaure
  6057 | D:5      | Reached skill level 8 in Necromancy
  6057 | D:5      | Reached XP level 9. HP: 33/65 MP: 17/17
  6369 | D:6      | Found a radiant altar of Vehumet.
  6552 | D:6      | Found an ancient bone altar of Kikubaaqudgha.
  6697 | D:6      | Found a staircase to the Ecumenical Temple.
  6837 | D:6      | You fall into a shaft and drop 3 floors!
  6866 | D:8      | Found an iron altar of Okawaru.
  7156 | D:8      | Noticed Joseph
  7174 | D:8      | Slain by Joseph

Illustrated notes

Levels and vault maps discovered:
D:1:      saegor_arrival_simple_a, layout_basic, serial_shops, shop_fountains
D:2:      layout_basic, shapermc_ecumenical_altar_mp_vishouse,
          minmay_lizard_king
D:3:      layout_loops_ring, lemuel_round_altar, lemuel_doored_altar,
          uniq_crazy_yiuf_cottage
D:4:      layout_basic, uniq_sigmund, uniq_blork_the_orc, uniq_robin
D:5:      layout_gridville, nicolae_sif_muna_little_library, old_standard_altar,
          gammafunk_temple_overflow_wave, uniq_menkaure, uniq_pikel,
          uniq_grinder
D:6:      layout_rooms, old_standard_altar, lemuel_zombie_altar_kikubaaqudgha,
          nicolae_vehumet_radiance, minmay_temple_entry_proselytizer,
          biasface_ghost_orc_armoury, grunt_decor_resistance
D:7:      layout_gridville, uniq_duvessa
D:8:      layout_cave_pools, mainiacjoe_overflow_concentric_impassable,
          nicolae_ossuary_entry_ruins, ebering_ghost_disaster_area,
          kennysheep_crisscross, uniq_maggie, uniq_joseph, uniq_amaemon
D:9:      minmay_the_grid_4x2 [minmay_the_grid_minigrid_medium,
          minmay_the_grid_gridbox, minmay_the_grid_dragon_a,
          minmay_the_grid_empty, minmay_the_grid_tri_star,
          minmay_the_grid_rooms, minmay_the_grid_armoury,
          minmay_the_grid_prize_trominoes], layout_rooms,
          nicolae_tso_swordbearing_angel, chequers_temple_overflow_minitemple,
          serial_shops, shop, minmay_misc_feat_cross

Skill      XL: |  1  2  3  4  5  6  7  8  9 |
---------------+----------------------------+-----
Stealth        | 2 3 |  3.0
Dodging        | 2 3 |  3.5
Fighting       | 1 2 3 4 |  4.4
Armour         | 1 2 3 |  3.5
Necromancy     | 5 6 7 8 |  8.7
Spellcasting   | 3 4 5 6 |  6.6
Unarmed Combat | 1 2 3 |  3.5
Evocations     | 2 3 |  3.0

Action                     |  1- 3 |  4- 6 |  7- 9 || total
---------------------------+-------+-------+-------++-------
  Melee: Hand axe          |    22 |       |       ||    22
         Dagger            |     1 |       |       ||     1
         Trident           |       |    27 |    76 ||   103
         Punch             |       |       |     2 ||     2
  Throw: Stone             |       |     2 |       ||     2
   Cast: Necrotise         |    74 |    73 |   162 ||   309
    Use: Scroll            |       |       |     1 ||     1
   Stab: Distracted        |       |     1 |       ||     1
         Paralysed         |       |     3 |     3 ||     6
 Armour: Robe              |     1 |     2 |       ||     3
         Ring mail         |       |     7 |    42 ||    49
  Dodge: Dodged            |     9 |    17 |    56 ||    82
